 Dungeon Crawl Stone Soup version 0.30.1-11-g7821555f0a (webtiles) character file.

Game seed: 9237522796658089086

2001 Ivernyr the Blocker (level 9, -1/71 HPs)
             Began as a Formicid Fighter on Dec 5, 2023.
             Succumbed to a hornet's poison
             ... on level 7 of the Dungeon.
             The game lasted 00:09:32 (6063 turns).

Ivernyr the Blocker (Formicid Fighter)              Turns: 6063, Time: 00:09:33

Health: -1/71      AC: 10    Str: 25    XL:     9   Next: 45%
Magic:  9/9        EV:  8    Int:  8    God:
Gold:   404        SH:  6    Dex: 13    Spells: 8/8 levels left

rFire   + . .        a - +0 quarterstaff
rCold   . . .        c - +0 buckler
rNeg    . . .        b - +0 chain mail of a sewer {rF+}
rPois   .            (helmet unavailable)
rElec   .            (no cloak)
rCorr   +            (no gloves)
SInv    +            (no boots)
Will    .....        (no amulet)
Stlth   x              - ring of resist corrosion
HPRegen 0.31/turn    (no ring)
MPRegen 0.11/turn

%: no passive effects
@: lethally poisoned (-1 -> -8)
A: permanent stasis, dig shafts and tunnels, antennae 3, four strong arms
a: Dig, Shaft Self


You were on level 7 of the Dungeon.
You visited 2 branches of the dungeon, and saw 8 of its levels.

You collected 404 gold pieces.

Inventory:

Hand Weapons
 a - a +0 quarterstaff (weapon)
Armour
 b - the +0 chain mail of a sewer (worn) {rF+}
   (You found it on level 4 of the Dungeon)

   rF:        It protects you from fire.
 c - a +0 buckler (worn)
Jewellery
 v - a ring of flight
 x - a ring of resist corrosion (left hand)
 B - an amulet of faith
Wands
 r - a wand of digging (5)
 w - a wand of acid (8)
 F - a wand of iceblast (5)
Scrolls
 f - a scroll of blinking {unknown}
 g - 3 scrolls of fog {unknown}
 h - 3 scrolls of identify {unknown}
 k - 6 scrolls of teleportation {unknown}
 n - 2 scrolls of brand weapon {unknown}
 p - 5 scrolls of enchant weapon {unknown}
 s - 2 scrolls of vulnerability {unknown}
 t - a scroll of silence {unknown}
 u - a scroll of amnesia {unknown}
 y - a scroll of enchant armour {unknown}
 A - a scroll of magic mapping {unknown}
 E - a scroll of immolation {unknown}
Potions
 d - 3 potions of might
 e - 2 potions of flight {unknown}
 i - 3 potions of attraction {unknown}
 j - a potion of berserk rage {unknown}
 l - 3 potions of curing {unknown}
 m - 2 potions of haste {unknown}
 o - 3 potions of brilliance {unknown}
 q - 4 potions of degeneration {unknown}
 z - a potion of lignification {unknown}
 C - a potion of magic {unknown}
 D - 2 potions of mutation {unknown}


   Skills:
 + Level 6.6 Fighting
 * Level 7.7 Staves
 + Level 6.6 Armour
 + Level 8.0 Shields


You had 8 spell levels left.
You didn't know any spells.
Your spell library contained the following spells:

 Spells                   Type           Power      Damage    Failure   Level
 Sandblast                Erth           0%         2d4       93%         1
 Passwall                 Tmut/Erth      0%         N/A       98%         2
 Stone Arrow              Conj/Erth      0%         3d7       100%        3


Dungeon Overview and Level Annotations

Branches:
Dungeon (7/15)             Temple (1/1) D:5

Altars:
Ashenzari
Cheibriados
Dithmenos
Elyvilon
Fedhas
Gozag
Hepliaklqana
Makhleb
Nemelex Xobeh
Okawaru
Qazlal
Ru
Sif Muna
Trog
Uskayaw
Vehumet
Xom
Yredelemnul
Zin
The Shining One

Shops:
D:4 :*

Annotations:
D:3 3 runed translucent doors, otna's ghost, weakling MiFi


Innate Abilities, Weirdness & Mutations

You cannot be hasted, slowed, berserked, paralysed or teleported.
You can dig through walls and to a lower floor.
You have a pair of large antennae on your head. (SInv)
Your four strong arms can wield two-handed weapons with a shield.


Message History

You hit the orc.
The orc is heavily wounded.
You feel sick.
An orc comes into view. It is wielding a +0 club.
The orc hits you but does no damage.
You thump the orc!
You kill the orc!
You feel sick.
You are no longer poisoned.
The hornet barely misses you.
Your Shields skill increases to level 8!
You hit the orc priest.
The orc priest is heavily wounded.
The hornet stings you!
* * * LOW HITPOINT WARNING * * *
Your stasis prevents you from being paralysed.
The orc priest hits you but does no damage.
You hit the orc priest.
The orc priest is heavily wounded.
The hornet stings you!
* * * LOW HITPOINT WARNING * * *
You are lethally poisoned!
Your stasis prevents you from being slowed.
The hornet stings you but does no damage.
The orc priest hits you with a +0 mace.
* * * LOW HITPOINT WARNING * * *
You hit the orc priest but do no damage.
The orc priest is heavily wounded.
* * * LOW HITPOINT WARNING * * *
You feel very sick.
The hornet stings you but does no damage.
The orc priest closely misses you.
Unknown command.
You barely miss the orc priest.
The orc priest is heavily wounded.
* * * LOW HITPOINT WARNING * * *
You feel sick. The hornet closely misses you.
You completely miss the orc priest.
The orc priest is heavily wounded.
You die...

#............#.>..
#..........####...
#.......?..##.....
#..#..............
#....#.......##.
#.....†......#
###...!...#....
###.....#....
#.@........
#oy##...... #....
..... ...o##......
..... ......
##.... ..... ##...
... .... ...


You could see a hornet, an orc priest and an orc.

Vanquished Creatures
  2 steam dragons (D:7)
  3 water moccasins
  2 black bears
  A centaur (D:6)
  2 phantoms (D:5)
  3 bullfrogs
  2 scorpions (D:5)
  4 hounds
  A gnoll bouda (D:5)
  4 orc wizards
  5 orc priests
  A sleepcap (D:5)
  An iguana (D:5)
  4 adders
  5 gnolls (D:5)
  3 river rats (D:5)
  3 white imps
  3 worms
  2 dart slugs
  31 orcs
  4 endoplasms
  3 giant cockroaches
  3 goblins
  4 hobgoblins
  4 jackals (D:1)
  10 kobolds
  5 quokkas
  6 ball pythons
  6 bats
  11 rats
138 creatures vanquished.

Notes
Turn   | Place    | Note
-------+----------+-------------------------------------------
     0 | D:1      | Ivernyr the Formicid Fighter began the quest for the Orb.
     0 | D:1      | Reached XP level 1. HP: 18/18 MP: 1/1
    44 | D:1      | Reached XP level 2. HP: 15/24 MP: 2/2
   291 | D:1      | Reached XP level 3. HP: 29/29 MP: 3/3
  1302 | D:3      | Reached XP level 4. HP: 37/37 MP: 4/4
  1437 | D:3      | Found a runed translucent gate.
  1442 | D:3      | Found a runed translucent gate.
  1442 | D:3      | Found a runed translucent gate.
  1444 | D:3      | Noticed otna's ghost (weakling MiFi)
  1447 | D:3      | Identified the +5 sling of the Thirsty Heavens {flame, rF+
                  | rC- MP+9}
  1447 | D:3      | Identified the +1 chain mail of Ynuaneon {Fly Regen+ Str-4}
  1545 | D:3      | Found a hazy altar of Hepliaklqana.
  1608 | D:3      | Found a hide-covered altar of Uskayaw.
  2143 | D:4      | Found Vaison's Overcharged Wands.
  2280 | D:4      | Reached XP level 5. HP: 15/42 MP: 5/5
  2487 | D:4      | Identified the +0 chain mail of a sewer {rF+}
  2530 | D:4      | Found Jiraaj's Book Shoppe.
  2846 | D:4      | Found a sparkling altar of Nemelex Xobeh.
  2862 | D:4      | Reached skill level 5 in Shields
  3151 | D:5      | Entered Level 5 of the Dungeon
  3167 | D:5      | Reached XP level 6. HP: 47/48 MP: 6/6
  3312 | D:5      | Reached XP level 7. HP: 36/55 MP: 7/7
  3432 | D:5      | You fall into a shaft and drop 1 floor!
  3619 | D:6      | Reached skill level 5 in Staves
  3772 | D:6      | Reached skill level 6 in Shields
  3928 | D:5      | Reached skill level 5 in Fighting
  3928 | D:5      | Reached skill level 5 in Armour
  4200 | D:5      | Noticed a water moccasin
  4231 | D:5      | Reached XP level 8. HP: 59/62 MP: 8/8
  4298 | D:5      | Found a staircase to the Ecumenical Temple.
  4467 | Temple   | Entered the Ecumenical Temple
  4467 | Temple   | Found a transporter.
  4467 | Temple   | Found a transporter.
  4469 | Temple   | Found a transporter.
  4469 | Temple   | Found a transporter.
  4740 | D:5      | Found a burning altar of Makhleb.
  5024 | D:6      | Found a shimmering blue altar of Sif Muna.
  5055 | D:6      | Reached skill level 7 in Shields
  5338 | D:6      | Reached XP level 9. HP: 60/69 MP: 9/9
  5616 | D:7      | Found a sacrificial altar of Ru.
  5851 | D:7      | Found an iron altar of Okawaru.
  6053 | D:7      | Noticed a hornet
  6059 | D:7      | Reached skill level 8 in Shields
  6061 | D:7      | HP: 3/71 [poisoned by a hornet]
  6062 | D:7      | HP: 1/71 [poisoned by a hornet]
  6063 | D:7      | Succumbed to a hornet's poison

Illustrated notes

Levels and vault maps discovered:
D:1:      erik_arrival_orb_chamber, layout_basic, minmay_misc_feat_square,
          minmay_3d_cube
D:2:      cheibrodos_old_hovel, layout_loops_ring
D:3:      layout_basic, eat_drink_and_be_merry_uskayaw,
          nicolae_overflow_crystal_walls, biasface_ghost_orc_armoury
D:4:      layout_gridville, nemelex_dance_club_becter, serial_shops, shop,
          solitary_fountain, nicolae_shop_overcharged_wands
D:5:      layout_loops_ring, overflow_temple_1_default, temple_green,
          portal_sewer_entry_e
D:6:      layout_loops_ring, lemuel_blue_sif_altar
D:7:      layout_cave_pools, okawaru_trees_1, mainiacjoe_overflow_boulevard,
          dreamdust_mushroom_princess
Temple:   hellmonk_temple_divided_pantheon

Skill      XL: |  1  2  3  4  5  6  7  8  9 |
---------------+----------------------------+-----
Staves         | 3 4 5 7 |  7.7
Fighting       | 4 5 6 |  6.6
Armour         | 4 5 6 |  6.6
Shields        | 5 6 7 8 |  8.0

Action                     |  1- 3 |  4- 6 |  7- 9 || total
---------------------------+-------+-------+-------++-------
  Melee: Quarterstaff      |   105 |   134 |   310 ||   549
Ability: Dig               |       |     2 |       ||     2
         Shaft Self        |       |       |     1 ||     1
 Armour: Scale mail        |    65 |    26 |       ||    91
         Chain mail        |       |    19 |   183 ||   202
  Dodge: Dodged            |    55 |    55 |   124 ||   234
  Block: Buckler           |    32 |    35 |    97 ||   164
